Map: Acropolis LE

Players

WingZero

  • Race: Protoss Protoss
  • League: Master
  • Spawn Location: 11:00

Mez - Winner!

  • Race: Terran Terran
  • League: Master
  • Spawn Location: 5:00

VOD

Have the link to the VOD?

Description

Time

  • Played on: Aug. 6, 2019, 7:26 p.m.
  • Length: 13:23
Show
View Real Time Build Order
Export as new Build Order

WingZero Protoss 

Build Orders: 1 Gate Expand, Phoenix Opening, Blink Stalkers 

Get SALT Encoding   

  12  0:01  Probe  
  13  0:13  Probe  
  14  0:19  Pylon  
  14  0:25  Probe  
  15  0:35  Probe  
  15  0:40  Gateway  
  16  0:43  Probe  
  17  0:50  Assimilator  
  17  0:51  Probe  
  18  1:03  Probe  
  19  1:15  Probe  
  20  1:27  Cybernetics Core  
  20  1:37  Nexus  
  20  1:45  Pylon  
  20  1:49  Probe  
  20  1:54  Adept, Assimilator  
  21  2:05  Probe  
  24  2:10  Warp Gate  
  24  2:17  Probe  
  24  2:22  Sentry  
  25  2:29  Probe  
  28  2:41  Probe  
  29  2:47  Stalker  
  31  2:51  Probe  
  31  2:53  Probe  
  33  2:59  Twilight Council  
  33  3:03  Phoenix  
  33  3:09  Blink  
  33  3:13  Probe x2  
  35  3:22  Probe  
  35  3:23  Gateway  
  35  3:24  Gateway  
  35  3:25  Probe  
  37  3:27  Pylon  
  37  3:30  Probe  
  38  3:37  Probe  
  38  3:41  Probe  
  39  3:44  Pylon  
  40  3:49  Probe  
  40  3:53  Probe  
  42  3:58  Assimilator  
  42  4:01  Assimilator, Probe  
  43  4:05  Probe  
  44  4:12  Stalker  
  44  4:13  Probe  
  47  4:17  Probe  
  48  4:26  Probe  
  48  4:29  Probe  
  48  4:30  Pylon  
  50  4:31  Sentry  
  50  4:32  Sentry  
  50  4:38  Probe  
  55  4:42  Probe  
  56  4:46  Stalker  
  56  4:54  Probe  
  56  4:56  Stalker x2  
  56  4:59  Probe  
  62  5:06  Probe  
  62  5:10  Forge  
  62  5:12  Nexus  
  62  5:16  Forge  
  62  5:17  Pylon  
  60  5:28  Probe x2  
  60  5:29  Protoss Ground Weapons Level 1  
  60  5:34  Gateway  
  62  5:36  Stalker  
  62  5:37  Stalker  
  62  5:39  Stalker, Protoss Ground Armor Level 1  
  62  5:40  Probe  
  69  5:45  Probe  
  70  5:52  Probe  
  70  5:55  Pylon  
  71  5:59  Probe  
  71  6:03  Pylon  
  72  6:07  Probe  
  73  6:19  Probe  
  73  6:22  Templar Archives  
  73  6:25  Gateway  
  74  6:29  Probe  
  74  6:30  Gateway  
  74  6:31  Probe, Gateway  
  76  6:33  Probe  
  76  6:36  Pylon  
  76  6:39  Sentry x4  
  85  7:18  Zealot x4  
  93  7:24  Protoss Ground Weapons Level 2, Protoss Ground Armor Level 2  
  93  7:35  Stalker x3  
  97  7:37  Gateway  
  97  7:39  Gateway  
  97  7:41  Nexus  
  97  7:42  Gateway x2  
  97  7:45  Gateway  
  97  7:46  Gateway  
  97  7:48  Pylon  
  90  8:12  Stalker x2  
  90  8:13  Stalker x4  
  88  8:32  Probe  
  87  8:36  Probe  
  87  8:37  Gateway  
  87  8:39  Gateway  
  87  8:40  Gateway  
  88  8:45  Phoenix  
  80  8:49  Charge  
  80  8:51  Stalker x4  
  80  8:52  Stalker x6  
  98  9:15  Probe x3  
  98  9:16  Probe  
  102  9:23  Assimilator  
  102  9:27  Probe x3, Assimilator  
  102  9:28  Probe  
  94  9:40  Stalker x6  
  94  9:41  Stalker, Zealot  
  94  9:42  Zealot x3  
  84  9:56  Zealot x3  
  86  10:03  Zealot x4  
  86  10:04  Zealot x3  
  68  10:30  High Templar x5  
  68  10:31  Stalker x6  
  68  10:34  Archon x2  
  84  10:44  Robotics Facility  
  84  10:50  Zealot x2  
  84  10:56  Zealot x6  
  79  11:17  High Templar  
  79  11:18  High Templar, Zealot x4  
  81  11:19  Zealot x3  
  79  11:48  Warp Prism  
  79  11:53  High Templar x3  
  73  11:54  Zealot x8  
  73  11:55  Zealot x2  
  95  12:05  Probe x3  
  98  12:17  Probe  
  98  12:19  Archon  
  98  12:20  Zealot x3  
  105  12:23  Archon  
  105  12:25  High Templar  
  107  12:33  Stalker x3  
  107  12:34  Archon  
  113  12:52  Zealot x6  
  113  12:57  Pylon  
Show
View Real Time Build Order
Export as new Build Order

Mez Terran - Winner!

Build Orders: Reaper Expand 

Get SALT Encoding   

  12  0:01  SCV  
  13  0:13  SCV  
  14  0:17  Supply Depot  
  14  0:25  SCV  
  15  0:38  SCV  
  15  0:40  Barracks  
  16  0:44  Refinery  
  16  0:50  SCV  
  17  1:03  SCV  
  18  1:15  SCV  
  19  1:30  Reaper, Orbital Command  
  20  1:47  Command Center  
  20  1:54  Barracks  
  20  1:58  SCV  
  21  2:03  Barracks Reactor  
  21  2:10  SCV  
  21  2:14  Barracks  
  22  2:18  Supply Depot  
  22  2:25  SCV  
  23  2:40  SCV  
  23  2:41  Marine x2  
  23  2:42  Barracks Tech Lab  
  26  2:59  Orbital Command  
  26  3:00  Marine x2  
  27  3:13  SCV  
  27  3:14  Marine  
  27  3:15  Concussive Shells, Marauder  
  27  3:18  Marine  
  32  3:25  SCV  
  32  3:26  Supply Depot  
  33  3:28  SCV  
  33  3:31  Marine  
  33  3:33  Marine  
  36  3:36  Marine, Marauder  
  36  3:37  SCV  
  36  3:40  SCV  
  41  3:49  SCV  
  41  3:52  Marine x2  
  41  3:54  Marine  
  41  3:55  Supply Depot  
  45  3:57  SCV  
  45  4:01  SCV  
  47  4:06  Marine  
  47  4:09  SCV  
  49  4:10  Marine  
  49  4:11  Stimpack  
  49  4:13  SCV  
  49  4:16  Command Center  
  51  4:18  Supply Depot  
  51  4:24  Factory  
  51  4:26  Refinery, SCV  
  51  4:27  Refinery  
  52  4:35  SCV  
  52  4:36  Marine x2  
  52  4:37  Marine x2  
  58  4:38  SCV  
  53  4:54  Marine x3  
  53  4:55  Marine  
  53  4:56  SCV  
  53  4:58  SCV  
  58  5:08  SCV  
  58  5:10  SCV  
  58  5:11  Refinery  
  58  5:12  Marine x2, Starport, Factory Reactor  
  58  5:25  Marine x2  
  56  5:29  Bunker  
  56  5:30  Marine, Orbital Command  
  56  5:35  Marine  
  58  5:39  SCV x2  
  58  5:41  Supply Depot  
  58  5:42  Barracks  
  60  5:44  Barracks  
  60  5:45  Marauder  
  60  5:46  Barracks Tech Lab  
  62  5:53  SCV x2  
  64  6:01  Medivac x2  
  67  6:08  SCV  
  67  6:09  SCV  
  69  6:18  Marine x2, Marauder x2  
  73  6:21  SCV x2  
  76  6:26  Supply Depot  
  76  6:27  Supply Depot  
  76  6:30  Combat Shield  
  76  6:31  Barracks Reactor, Barracks Tech Lab  
  76  6:33  Medivac x2  
  80  6:40  Orbital Command  
  80  6:45  Marine x2, Marauder  
  80  6:46  Marauder  
  86  6:52  Marauder  
  86  6:54  SCV x2  
  86  6:59  Engineering Bay, Supply Depot  
  86  7:00  Engineering Bay  
  88  7:02  Supply Depot  
  88  7:03  Marine  
  88  7:07  Marauder  
  89  7:13  Marine x3, Marauder x2  
  89  7:15  SCV x3  
  97  7:35  Marine x4, Marauder x3  
  107  7:46  Medivac x2  
  107  7:49  Terran Infantry Armor Level 1, SCV, Terran Infantry Weapons Level 1  
  112  7:52  Marine  
  112  7:53  Marine, Ghost Academy  
  112  7:56  Marauder x3  
  120  8:02  Marine  
  120  8:03  Marine  
  118  8:10  Marine  
  118  8:11  Marine  
  115  8:18  Marauder x3  
  117  8:20  Marine x2  
  106  8:29  Marine  
  106  8:33  Marine  
  102  8:35  SCV x3  
  102  8:38  Barracks  
  102  8:39  Marauder x3  
  102  8:40  Barracks  
  102  8:41  Barracks  
  111  8:53  Armory, Supply Depot  
  111  8:54  SCV x2, Supply Depot  
  113  8:58  Marine x4  
  113  9:00  Marauder x2  
  113  9:01  Marauder  
  123  9:05  Medivac  
  125  9:15  SCV x3, Medivac  
  125  9:16  Marine  
  131  9:21  Ghost x2, Refinery  
  131  9:22  Marine x3  
  131  9:23  Ghost, Refinery  
  138  9:30  Barracks Tech Lab  
  138  9:31  Barracks Tech Lab x2  
  137  9:46  Marine x3  
  137  9:47  Marine  
  137  9:50  Marauder x2  
  138  9:53  Marauder  
  134  10:01  Medivac  
  134  10:02  Medivac  
  134  10:04  Marauder x2  
  134  10:05  Marine  
  134  10:06  Marine  
  116  10:29  Marine x5, Marauder x5  
  116  10:31  Medivac  
  116  10:35  Barracks x2  
  133  10:36  Barracks  
  133  10:37  Command Center  
  133  10:41  Medivac  
  135  10:46  SCV x3  
  135  10:47  Marine x2, Terran Infantry Weapons Level 2  
  140  10:58  Marauder  
  140  10:59  SCV x2  
  140  11:01  Medivac  
  136  11:10  Medivac  
  124  11:13  Marauder  
  124  11:16  Marine x2, Marauder  
  124  11:17  Marine x2, Marauder  
  136  11:20  Ghost x2  
  136  11:31  Medivac  
  129  11:40  Medivac  
  125  11:52  Marine x5, Marauder x3  
  125  11:53  Marine x4, Marauder  
  139  12:10  Marine x4  
  139  12:12  Marine  
  139  12:13  Marine x3  
  150  12:18  Ghost x2  
  151  12:32  Medivac x2  
  151  12:34  Marine  
  156  12:38  Planetary Fortress  
  156  13:04  Marine  
Tags
 
Add a new tag
Caveats
  • Supply blocks, unpowered buildings, or Contaminate may cause inaccurate times.
  • Supply counts are checked every 10 seconds.